 Dungeon Crawl Stone Soup version 0.19.1-1-g22dce08 (webtiles) character file.

1587 markt42 the Cleaver (level 8, 0/69 HPs)
             Began as a Hill Orc Fighter on Jan 5, 2017.
             Was an Initiate of Okawaru.
             Slain by Prince Ribbit (9 damage)
             ... on level 5 of the Dungeon.
             The game lasted 00:04:17 (4405 turns).

markt42 the Cleaver (Hill Orc Fighter)              Turns: 4405, Time: 00:04:18

Health: 0/69       AC: 12    Str: 26    XL:     8   Next: 92%
Magic:  8/8        EV:  6    Int:  8    God:    Okawaru [......]
Gold:   217        SH: 10    Dex: 10    Spells: 0 memorised, 7 levels left

rFire  . . .     SeeInvis .     a - +0 war axe
rCold  + . .     Gourm    .     i - +0 chain mail (curse)
rNeg   . . .     Faith    .     c - +0 shield
rPois  .         Spirit   .     l - +2 helmet
rElec  .         Reflect  .     (no cloak)
rCorr  .         Harm     .     (no gloves)
MR     .....                    (no boots)
Stlth  ..........               (no amulet)
                                (no ring)
                                p - ring of protection from cold

@: mighty
A: no striking features
a: Renounce Religion


You were on level 5 of the Dungeon.
You worshipped Okawaru.
Okawaru was noncommittal.
You were hungry.

You visited 1 branch of the dungeon, and saw 5 of its levels.
You also visited: Ossuary.

You collected 217 gold pieces.

Inventory:

Hand Weapons
 a - a +0 war axe (weapon)
Armour
 c - a +0 shield (worn)
 i - a cursed +0 chain mail (worn)
 l - a +2 helmet (worn)
Jewellery
 p - a ring of protection from cold (left hand)
Wands
 D - a wand of slowing (29/48)
 E - a wand of iceblast (9/15)
Scrolls
 b - 2 scrolls of enchant armour {unknown}
 e - a scroll of teleportation {unknown}
 h - 10 scrolls of identify {unknown}
 n - 3 scrolls of immolation {unknown}
 o - 2 scrolls of fog {unknown}
 q - 4 scrolls of random uselessness {unknown}
 t - 4 scrolls of remove curse {unknown}
 w - a scroll of brand weapon {unknown}
 y - a scroll of fear {unknown}
 C - a scroll of enchant weapon {unknown}
Potions
 d - 3 potions of brilliance {unknown}
 j - a potion of ambrosia {unknown}
 k - 2 potions of curing
 m - 8 potions of degeneration
 r - 3 potions of lignification {unknown}
 s - a potion of cancellation {unknown}
 u - 2 potions of haste {unknown}
 v - a potion of mutation {unknown}
 x - a potion of agility {unknown}
 z - a potion of heal wounds {unknown}
 A - a potion of flight {unknown}
Comestibles
 f - 4 bread rations
 g - a royal jelly
 F - a beef jerky


   Skills:
 + Level 5.5 Fighting
 * Level 11.8 Axes
 + Level 4.8 Armour
 + Level 0.7 Dodging
 + Level 5.0 Shields


You had 7 spell levels left.
You didn't know any spells.

Dungeon Overview and Level Annotations

Branches:
Dungeon (5/15)
 Temple: D:4-7

Altars:
Ashenzari
Okawaru
Xom

Annotations:
D:5 Prince Ribbit


Message History

You hit Prince Ribbit.
Prince Ribbit is heavily wounded.
You closely miss the adder.
Prince Ribbit blinks!
You block the adder's attack. You block Prince Ribbit's attack.
You hit Prince Ribbit.
Prince Ribbit is heavily wounded.
You barely miss the adder. You block the adder's attack.
Prince Ribbit lets out a mournful croak.
Prince Ribbit barely misses you. The adder bites you but does no damage.
You barely miss Prince Ribbit.
Prince Ribbit is heavily wounded.
You slash the adder! Prince Ribbit hits you.
* * * LOW HITPOINT WARNING * * *
The adder bites you.
* * * LOW HITPOINT WARNING * * *
Prince Ribbit hits you!
* * * LOW HITPOINT WARNING * * *
You feel very mighty all of a sudden. Prince Ribbit hits you!
You die...

#...#.# #.#.#.#
#.#<#.####..
######.#.........
...........######
######.#...#
#...#..##.#
#F#.....#...
#@###########
#S#.. #Y#.# #S#.#
#.#.######
#.....<..#
###......#
5.....+ ......#


You could see Prince Ribbit, a sky beast and 2 adders.

Vanquished Creatures
  Pikel (D:4)
  Grinder (D:3)
  Sigmund (D:2)
  3 slaves (D:4)
  2 phantoms (D:4)
  An ogre (D:4)
  A bullfrog (D:3)
  A scorpion (D:4)
  2 human zombies (Ossuary)
  A hound (D:4)
  Jessica (D:3)
  Ijyb (D:3)
  An iguana (D:4)
  2 worker ants (D:4)
  2 big kobold zombies (Ossuary)
  5 mummies (Ossuary)
  Robin (D:2)
  3 adders
  A shadow imp (D:5)
  An ooze (D:1)
  An adder skeleton (D:4)
  A leopard gecko (D:4)
  An orc (D:3)
  5 ball pythons
  2 bats
  2 giant cockroaches
  15 goblins
  8 hobgoblins
  5 quokkas
  5 frilled lizards
  A goblin zombie (Ossuary)
  A hobgoblin zombie (Ossuary)
  5 kobolds
  A kobold zombie (Ossuary)
  An orc zombie (Ossuary)
  2 rats
88 creatures vanquished.

Vanquished Creatures (others)
  A slave (D:4)
  A jackal (D:4)
2 creatures vanquished.

Grand Total: 90 creatures vanquished

Notes
Turn   | Place    | Note
-------+----------+-------------------------------------------
     0 | D:1      | markt42 the Hill Orc Fighter began the quest for the Orb.
     0 | D:1      | Reached XP level 1. HP: 19/19 MP: 1/1
    83 | D:1      | Reached XP level 2. HP: 27/27 MP: 2/2
   277 | D:1      | Reached skill level 3 in Axes
   765 | D:2      | Reached XP level 3. HP: 33/33 MP: 3/3
   982 | D:2      | Noticed Robin
  1010 | D:2      | Killed Robin
  1010 | D:2      | Reached skill level 4 in Axes
  1374 | D:2      | Noticed Sigmund
  1383 | D:2      | Killed Sigmund
  1383 | D:2      | Reached skill level 6 in Axes
  1383 | D:2      | Reached XP level 4. HP: 40/40 MP: 4/4
  1383 | D:2      | Reached XP level 5. HP: 46/46 MP: 5/5
  1394 | D:2      | Found a shattered altar of Ashenzari.
  1542 | D:3      | Noticed Grinder
  1564 | D:3      | Reached XP level 6. HP: 48/53 MP: 6/6
  1571 | D:3      | Killed Grinder
  1571 | D:3      | Reached skill level 8 in Axes
  1571 | D:3      | Reached XP level 7. HP: 24/60 MP: 7/7
  1911 | D:3      | Noticed Jessica
  1916 | D:3      | Killed Jessica
  2122 | D:3      | Noticed Ijyb
  2137 | D:3      | Killed Ijyb
  2456 | D:4      | Found a shimmering altar of Xom.
  2656 | D:4      | Found a sand-covered staircase.
  2689 | Ossuary  | Entered an ossuary
  2902 | Ossuary  | Reached skill level 9 in Axes
  3566 | D:4      | Noticed Pikel
  3598 | D:4      | Reached XP level 8. HP: 67/67 MP: 8/8
  3607 | D:4      | Killed Pikel
  3607 | D:4      | Reached skill level 5 in Fighting
  3607 | D:4      | Reached skill level 11 in Axes
  3998 | D:4      | Found an iron altar of Okawaru.
  4037 | D:4      | Became a worshipper of Warmaster Okawaru
  4080 | D:4      | Reached skill level 5 in Shields
  4362 | D:5      | Entered Level 5 of the Dungeon
  4377 | D:5      | Noticed Prince Ribbit
  4405 | D:5      | Slain by Prince Ribbit

Skill      XL: |  1  2  3  4  5  6  7  8 |
---------------+-------------------------+-----
Fighting       | 4 5 |  5.5
Axes           | 3 6 8 9 11 | 11.8
Shields        | 4 5 |  5.0
Armour         | 4 |  4.8
Dodging        | |  0.7

Action                   |  1- 3 |  4- 6 |  7- 9 || total
-------------------------+-------+-------+-------++-------
Melee: War axe           |    90 |    26 |   243 ||   359
  Use: Potion            |     1 |       |     3 ||     4
  Eat: Chunk             |       |     2 |     4 ||     6
       Meat ration       |       |       |     1 ||     1
Armor: Scale mail        |    15 |       |       ||    15
       Chain mail        |    49 |    13 |    93 ||   155
Dodge: Dodged            |    25 |    10 |    38 ||    73
Block: Shield            |    44 |    20 |    83 ||   147
